Capitals vs Senateurs

Created - March 1, 2025 at 19:14

Goals
1 2 3 T
Capitals 2 1 1 4
Senateurs 2 3 1 6
Shots
1 2 3 T
Capitals 19 4 8 31
Senateurs 8 15 10 33

1st period

1. Capitals , Mike Green 4 (Jeff Skinner 14, Shea Theodore 16) at 3:09
2. Senateurs , Nick Bjugstad 22 (Michael Frolik 21, Alex Iafallo 33) at 4:47
3. Capitals , Bobby Ryan 8 (Marko Dano 18, Joe Colborne 17) at 18:28
4. Senateurs , Nick Bjugstad 23 (Jake Gardiner 16, Michael Frolik 22) at 19:21

Penalties :
Riley Sheahan (Ott) for Holding (Minor) at 7:31

2nd period

5. Capitals , Bobby Ryan 9 (Brandon Gormley 21) at 2:28
6. Senateurs , Quinton Howden 14 (Justin Schultz 10) at 11:20
7. Senateurs , Zachary Sanford 10 (Justin Schultz 11) at 12:38
8. Senateurs , Adam Henrique 7 (Justin Schultz 12) at 13:44

Penalties :
Nicolas Aube-Kubel (Was) for Holding (Minor) at 4:55, Jordan Martinook (Ott) for Holding (Minor) at 18:54

3rd period

9. Capitals , Marko Dano 20 (Cody Hodgson 13, Bobby Ryan 14) at 7:18 (PP)
10. Senateurs , Richard Panik 12 (Adam Henrique 13, Jared Cowen 20) at 17:10

Penalties :
Alexei Marchenko (Was) for Interference (Minor) at 3:34, Eric Gelinas (Ott) for Hooking (Minor) at 6:15, Mike Green (Was) for Interference (Minor) at 11:19

Goalie Stats

Chet Pickard (Was), 10 saves from 11 shots - (0.909), 26:16 minutes
Cory Schneider (Was), 17 saves from 22 shots - (0.773), L, 23-18-3, 33:44 minutes
Mikko Koskinen (Ott), 27 saves from 31 shots - (0.871), W, 13-4-0, 60:00 minutes

Players Stats for Capitals

Player Name              G  A  P  +/- PIM S  H  SB GA TA FO     MP     PP MP  PK MP  
------------------------------------------------------------------------------------
Alexei Marchenko         0  0  0  -1  2   0  0  2  0  1  0/0    28:08   3:11   2:20 
Blake Pietila            0  0  0  -1  0   0  2  1  0  0  0/0    12:32   0:04   1:18 
Bobby Ryan               2  1  3  -1  0   3  1  0  1  0  0/0    14:17   2:44   0:00 
Brandon Burlon           0  0  0  -2  0   1  0  1  0  2  0/0    13:03   0:00   1:54 
Brandon Gormley          0  1  1  -1  0   1  1  3  0  2  0/0    28:12   3:11   3:28 
Cody Hodgson             0  1  1  -2  0   3  1  0  1  0  4/9    15:09   2:44   1:18 
Colten Teubert           0  0  0  -2  0   0  0  2  0  0  0/0    12:28   0:00   0:13 
Jeff Skinner             0  1  1   1  0   5  0  0  1  0  0/0     8:45   0:00   0:00 
Joe Colborne             0  1  1  -1  0   1  0  0  1  0  1/11   11:54   0:04   0:00 
Marko Dano               1  1  2  -1  0   5  3  0  1  0  0/1    18:21   2:44   1:26 
Mike Green               1  0  1   0  2   1  1  1  0  1  0/0    19:45   1:50   1:43 
Nicklas Backstrom        0  0  0  -1  0   5  4  0  0  1  16/28  19:40   2:13   1:26 
Nicolas Aube-Kubel       0  0  0  -1  2   2  3  0  0  0  0/0    13:47   0:04   0:00 
Patrick Kane             0  0  0  -2  0   3  0  0  0  1  1/4    20:22   2:13   3:13 
Phil Kessel              0  0  0   1  0   0  0  0  0  0  1/1     8:45   0:00   0:00 
Sergey Kalinin           0  0  0   1  0   0  1  1  0  0  5/10    8:45   0:00   0:00 
Shea Theodore            0  1  1   0  0   1  1  1  1  0  0/0    19:20   1:50   2:16 
Taylor Hall              0  0  0  -2  0   0  3  0  0  0  1/1    20:47   2:13   3:13 

Players Stats for Senateurs

Player Name              G  A  P  +/- PIM S  H  SB GA TA FO     MP     PP MP  PK MP  
------------------------------------------------------------------------------------
Adam Henrique            1  1  2   3  0   2  1  0  1  0  3/7    12:37   2:53   0:07 
Alex Iafallo             0  1  1   0  0   4  2  1  0  2  0/1    22:24   3:04   3:21 
Anthony Beauvillier      0  0  0   0  0   3  0  0  0  0  0/0    10:15   0:00   0:00 
Anton Lindholm           0  0  0   3  0   0  1  1  0  0  0/0    10:51   0:00   0:00 
Brendan Smith            0  0  0   3  0   0  0  2  0  0  0/0    11:54   0:00   1:03 
Christoph Bertschy       0  0  0   0  0   1  2  0  1  0  1/2     9:43   0:00   0:00 
Eric Gelinas             0  0  0   0  2   1  0  1  0  0  0/0    19:23   2:25   1:36 
Jake Gardiner            0  1  1   0  0   2  4  0  1  2  0/0    28:42   3:32   2:22 
Jared Cowen              0  1  1   0  0   3  0  0  2  0  0/0    28:42   3:32   2:22 
Jordan Martinook         0  0  0   0  2   1  4  1  0  0  0/2    17:08   2:53   0:53 
Justin Schultz           0  3  3   0  0   1  2  0  0  0  0/0    20:27   2:25   2:39 
Michael Frolik           0  2  2   0  0   2  1  2  1  0  0/1    19:03   3:04   0:00 
Nick Bjugstad            2  0  2   0  0   5  0  0  0  0  19/33  22:24   3:04   3:21 
Quinton Howden           1  0  1   0  0   2  1  2  0  0  11/16  14:37   0:00   1:00 
Richard Panik            1  0  1   3  0   2  0  0  0  0  1/1    11:16   0:00   1:10 
Riley Sheahan            0  0  0   0  2   0  0  0  1  2  1/1    16:12   2:53   0:00 
Tim Schaller             0  0  0   0  0   1  1  0  1  0  0/1     9:53   0:00   0:10 
Zachary Sanford          1  0  1   3  0   3  1  0  0  0  0/0     9:25   0:00   0:00 

3 Stars

1 - Adam Henrique (Ott)
2 - Nick Bjugstad (Ott)
3 - Bobby Ryan (Was)

Power Play

Capitals - 1 on 3 Attempt(s) - 33.33%
Senateurs - 0 on 3 Attempt(s) - 0.00%

Penalty Kill

Capitals - 3 on 3 Attempt(s) - 100.00% - Score 0 goal in Penalty Kill
Senateurs - 2 on 3 Attempt(s) - 66.67% - Score 0 goal in Penalty Kill

Team Stat

Capitals - Hits : 21 - Faceoff Wins : 29 - Blocked Shots : 12 - Penalty Minutes : 6
Senateurs - Hits : 20 - Faceoff Wins : 36 - Blocked Shots : 10 - Penalty Minutes : 6

Official

Referees : Francois St. Laurent and Wes McCauley
Linesman : Kiel Murchison and Ryan Daisy

Game Notes

Chet Pickard enters game at 13:44 of 2nd period

Finance

Level 1 -- Attendance: 5535 (92.25%) -- Ticket Income $553,500
Level 2 -- Attendance: 5000 (100.00%) -- Ticket Income $350,000
Level 3 -- Attendance: 1858 (92.90%) -- Ticket Income $74,320
Level 4 -- Attendance: 3664 (91.60%) -- Ticket Income $109,920
Luxury Box -- Attendance: 1000 (100.00%) -- Ticket Income $200,000
Game was played at the Centre Canadian Tire.
Total Attendance: 17057 (94.76%)
Total Ticket Income: $1,287,740
Other Income: $193,161
Total Income: $1,480,901

Capitals

5 vs 5 Forward 
   Center                   Left Wing                Right Wing               Time % Phy DF OF 
 1 Nicklas Backstrom        Taylor Hall              Patrick Kane             40     0   1  4  
 2 Joe Colborne             Marko Dano               Bobby Ryan               30     0   1  4  
 3 Cody Hodgson             Blake Pietila            Nicolas Aube-Kubel       20     0   1  4  
 4 Sergey Kalinin           Jeff Skinner             Phil Kessel              10     0   2  3  

5 vs 5 Defense 
   Defense                  Defense                                           Time % Phy DF OF 
 1 Brandon Gormley          Alexei Marchenko                                  40     0   3  2  
 2 Mike Green               Shea Theodore                                     30     0   3  2  
 3 Colten Teubert           Brandon Burlon                                    20     0   3  2  
 4 Brandon Gormley          Alexei Marchenko                                  10     0   3  2  

PowerPlay Forward 
   Center                   Left Wing                Right Wing               Time % Phy DF OF 
 1 Nicklas Backstrom        Taylor Hall              Patrick Kane             60     0   0  5  
 2 Cody Hodgson             Marko Dano               Bobby Ryan               40     0   0  5  

PowerPlay Defense
   Defense                  Defense                                           Time % Phy DF OF 
 1 Brandon Gormley          Alexei Marchenko                                  60     0   2  3  
 2 Mike Green               Shea Theodore                                     40     0   2  3  

Penalty Kill 4 Players Forward 
   Center                   Wing                     Time % Phy DF OF 
 1 Patrick Kane             Taylor Hall              60     0   4  1  
 2 Nicklas Backstrom        Marko Dano               40     0   4  1  

Penalty Kill 4 Players Defense
   Defense                  Defense                  Time % Phy DF OF 
 1 Brandon Gormley          Alexei Marchenko         60     0   4  1  
 2 Mike Green               Shea Theodore            40     0   4  1  

Penalty Kill - 3 Players Forward 
   Forward                                           Time % Phy DF OF 
 1 Patrick Kane                                      60     0   5  0  
 2 Taylor Hall                                       40     0   5  0  

Penalty Kill - 3 Players Defense
   Defense                  Defense                  Time % Phy DF OF 
 1 Brandon Gormley          Alexei Marchenko         60     0   5  0  
 2 Mike Green               Shea Theodore            40     0   5  0  

4 vs 4 Forward 
   Center                   Wing                     Time % Phy DF OF 
 1 Patrick Kane             Taylor Hall              60     0   1  4  
 2 Nicklas Backstrom        Marko Dano               40     0   1  4  

4 vs 4 Defense
   Defense                  Defense                  Time % Phy DF OF 
 1 Brandon Gormley          Alexei Marchenko         60     0   3  2  
 2 Mike Green               Shea Theodore            40     0   3  2  

Last Minutes Offensive
   Center                   Left Wing                Right Wing               Defense                  Defense                  
   Nicklas Backstrom        Taylor Hall              Patrick Kane             Brandon Gormley          Alexei Marchenko         

Last Minutes Defensive
   Center                   Left Wing                Right Wing               Defense                  Defense                  
   Nicklas Backstrom        Taylor Hall              Patrick Kane             Brandon Gormley          Alexei Marchenko         

Goaltenders
Starting : Cory Schneider           
Backup : Chet Pickard             

Extra Forwards
Normal : Taylor Hall, Patrick Kane, Marko Dano - PP : Taylor Hall, Patrick Kane - PK : Patrick Kane
Extra Defensemen
Normal : Brandon Gormley, Shea Theodore, Alexei Marchenko - PP : Shea Theodore - PK : Alexei Marchenko, Brandon Gormley
Penalty Shots
Patrick Kane, Taylor Hall, Nicklas Backstrom, Marko Dano, Jeff Skinner
Custom OT Lines Forwards
Patrick Kane, Taylor Hall, Nicklas Backstrom, Marko Dano, Jeff Skinner, Cody Hodgson, Blake Pietila, Joe Colborne, Bobby Ryan, Nicolas Aube-Kubel
Custom OT Lines Defensemen
Brandon Gormley, Alexei Marchenko, Mike Green, Shea Theodore, Colten Teubert

Scratches
None

Senateurs

5 vs 5 Forward 
   Center                   Left Wing                Right Wing               Time % Phy DF OF 
 1 Nick Bjugstad            Alex Iafallo             Michael Frolik           40     1   2  2  
 2 Quinton Howden           Jordan Martinook         Riley Sheahan            30     1   2  2  
 3 Adam Henrique            Zachary Sanford          Richard Panik            20     1   2  2  
 4 Christoph Bertschy       Tim Schaller             Anthony Beauvillier      10     1   2  2  

5 vs 5 Defense 
   Defense                  Defense                                           Time % Phy DF OF 
 1 Jake Gardiner            Jared Cowen                                       40     1   2  2  
 2 Eric Gelinas             Justin Schultz                                    30     1   2  2  
 3 Brendan Smith            Anton Lindholm                                    20     1   2  2  
 4 Jake Gardiner            Jared Cowen                                       10     1   2  2  

PowerPlay Forward 
   Center                   Left Wing                Right Wing               Time % Phy DF OF 
 1 Nick Bjugstad            Alex Iafallo             Michael Frolik           60     0   1  4  
 2 Adam Henrique            Jordan Martinook         Riley Sheahan            40     0   1  4  

PowerPlay Defense
   Defense                  Defense                                           Time % Phy DF OF 
 1 Jake Gardiner            Jared Cowen                                       60     0   1  4  
 2 Eric Gelinas             Justin Schultz                                    40     0   1  4  

Penalty Kill 4 Players Forward 
   Center                   Wing                     Time % Phy DF OF 
 1 Nick Bjugstad            Alex Iafallo             60     1   4  0  
 2 Quinton Howden           Jordan Martinook         40     1   4  0  

Penalty Kill 4 Players Defense
   Defense                  Defense                  Time % Phy DF OF 
 1 Jake Gardiner            Jared Cowen              60     1   4  0  
 2 Eric Gelinas             Justin Schultz           40     1   4  0  

Penalty Kill - 3 Players Forward 
   Forward                                           Time % Phy DF OF 
 1 Nick Bjugstad                                     60     1   4  0  
 2 Quinton Howden                                    40     1   4  0  

Penalty Kill - 3 Players Defense
   Defense                  Defense                  Time % Phy DF OF 
 1 Jake Gardiner            Jared Cowen              60     1   4  0  
 2 Eric Gelinas             Justin Schultz           40     1   4  0  

4 vs 4 Forward 
   Center                   Wing                     Time % Phy DF OF 
 1 Nick Bjugstad            Alex Iafallo             60     0   2  3  
 2 Quinton Howden           Jordan Martinook         40     1   2  2  

4 vs 4 Defense
   Defense                  Defense                  Time % Phy DF OF 
 1 Jake Gardiner            Jared Cowen              60     0   2  3  
 2 Eric Gelinas             Justin Schultz           40     1   2  2  

Last Minutes Offensive
   Center                   Left Wing                Right Wing               Defense                  Defense                  
   Nick Bjugstad            Alex Iafallo             Michael Frolik           Jake Gardiner            Jared Cowen              

Last Minutes Defensive
   Center                   Left Wing                Right Wing               Defense                  Defense                  
   Nick Bjugstad            Alex Iafallo             Michael Frolik           Jake Gardiner            Jared Cowen              

Goaltenders
Starting : Mikko Koskinen           
Backup : Martin Jones             

Extra Forwards
Normal : Richard Panik, Jordan Martinook, Quinton Howden - PP : Richard Panik, Jordan Martinook - PK : Richard Panik
Extra Defensemen
Normal : Justin Schultz, Brendan Smith, Anton Lindholm - PP : Justin Schultz - PK : Justin Schultz, Brendan Smith
Penalty Shots
Nick Bjugstad, Michael Frolik, Riley Sheahan, Alex Iafallo, Richard Panik
Custom OT Lines Forwards
Nick Bjugstad, Michael Frolik, Riley Sheahan, Alex Iafallo, Richard Panik, Jordan Martinook, Quinton Howden, Zachary Sanford, Adam Henrique, Tim Schaller
Custom OT Lines Defensemen
Jake Gardiner, Jared Cowen, Eric Gelinas, Justin Schultz, Brendan Smith

Scratches
Dennis Everberg (Healthy), Dmitry Sinitsyn (Healthy), Rostislav Olesz (Healthy), Zac Leslie (Healthy), Thomas McCollum (Healthy)

% Time on Ice - Capitals

Lines # - Real PCT - Wanted PCT - Time Play
Normal Forward
1 - 30% - 40% - 14:48
2 - 31% - 30% - 15:05
3 - 21% - 20% - 10:24
4 - 18% - 10% - 8:45
Normal Defense
1 - 40% - 40% - 19:41
2 - 31% - 30% - 15:14
3 - 24% - 20% - 11:33
4 - 5% - 10% - 2:34
PP Forward
1 - 46% - 60% - 2:17
2 - 54% - 40% - 2:44
PP Defense
1 - 63% - 60% - 3:11
2 - 37% - 40% - 1:50
PK Forward
1 - 76% - 60% - 4:31
2 - 24% - 40% - 1:26
PK Defense
1 - 62% - 60% - 3:41
2 - 38% - 40% - 2:16
PK3 Forward
1 - 0% - 60%
2 - 0% - 40%
PK3 Defense
1 - 0% - 60%
2 - 0% - 40%
44 Forward
1 - 0% - 60%
2 - 0% - 40%
44 Defense
1 - 0% - 60%
2 - 0% - 40%
Last Minute Offensive  - 0:00
Last Minute Defensive  - 0:00
Total
Forward - 60:00
Defense - 60:00

% Time on Ice - Senateurs

Lines # - Real PCT - Wanted PCT - Time Play
Normal Forward
1 - 34% - 40% - 16:35
2 - 27% - 30% - 13:19
3 - 19% - 20% - 9:25
4 - 20% - 10% - 9:43
Normal Defense
1 - 41% - 40% - 20:14
2 - 31% - 30% - 15:23
3 - 22% - 20% - 10:51
4 - 5% - 10% - 2:34
PP Forward
1 - 52% - 60% - 3:04
2 - 48% - 40% - 2:53
PP Defense
1 - 59% - 60% - 3:32
2 - 41% - 40% - 2:25
PK Forward
1 - 80% - 60% - 4:01
2 - 20% - 40% - 1:00
PK Defense
1 - 47% - 60% - 2:22
2 - 53% - 40% - 2:39
PK3 Forward
1 - 0% - 60%
2 - 0% - 40%
PK3 Defense
1 - 0% - 60%
2 - 0% - 40%
44 Forward
1 - 0% - 60%
2 - 0% - 40%
44 Defense
1 - 0% - 60%
2 - 0% - 40%
Last Minute Offensive  - 0:00
Last Minute Defensive  - 0:00
Total
Forward - 60:00
Defense - 60:00

Play-by-Play

1st period


0:01 of 1st period - Nicklas Backstrom wins face-off versus Nick Bjugstad in neutral zone.
0:06 of 1st period - Wrist shot by Taylor Hall.
0:06 of 1st period - Deflect By Nicklas Backstrom.
0:06 of 1st period - Stopped by Mikko Koskinen without a rebound.
0:07 of 1st period - Nicklas Backstrom wins face-off versus Nick Bjugstad in Senateurs zone.
1:02 of 1st period - Eric Gelinas is hit by Nicolas Aube-Kubel.
1:19 of 1st period - Slapshot by Nicklas Backstrom.
1:19 of 1st period - Shot Misses the Net.
2:17 of 1st period - Snap shot by Jeff Skinner.
2:17 of 1st period - Stopped by Mikko Koskinen with a rebound.
2:43 of 1st period - Wrist shot by Jeff Skinner.
2:43 of 1st period - Stopped by Mikko Koskinen with a rebound.
3:07 of 1st period - Wrist shot by Jeff Skinner.
3:07 of 1st period - Stopped by Mikko Koskinen with a rebound.
3:09 of 1st period - Slapshot by Mike Green.
3:09 of 1st period - Goal by Mike Green - Capitals : 1 - Senateurs : 0.
3:10 of 1st period - Quinton Howden wins face-off versus Joe Colborne in neutral zone.
3:13 of 1st period - Bobby Ryan is hit by Jordan Martinook and loses puck.
3:18 of 1st period - Backhand shot by Riley Sheahan.
3:18 of 1st period - Shot Misses the Net.
3:20 of 1st period - Slapshot by Anton Lindholm.
3:20 of 1st period - Shot Blocked by Brandon Burlon.
3:48 of 1st period - Snap shot by Adam Henrique.
3:48 of 1st period - Shot Blocked by Colten Teubert.
3:56 of 1st period - Jake Gardiner is hit by Nicklas Backstrom and loses puck.
4:07 of 1st period - Slapshot by Blake Pietila.
4:07 of 1st period - Deflect By Cody Hodgson.
4:07 of 1st period - Shot Misses the Net.
4:07 of 1st period - Puck is out of play.
4:08 of 1st period - Cody Hodgson wins face-off versus Quinton Howden in Senateurs zone.
4:47 of 1st period - Slapshot by Nick Bjugstad.
4:47 of 1st period - Goal by Nick Bjugstad - Capitals : 1 - Senateurs : 1.
4:48 of 1st period - Nicklas Backstrom wins face-off versus Quinton Howden in neutral zone.
5:03 of 1st period - Slapshot by Taylor Hall.
5:03 of 1st period - Shot Blocked by Quinton Howden.
5:05 of 1st period - Wrist shot by Brandon Gormley.
5:05 of 1st period - Deflect By Nicklas Backstrom.
5:05 of 1st period - Shot Hit the Post.
5:05 of 1st period - Puck is out of play.
5:06 of 1st period - Nick Bjugstad wins face-off versus Joe Colborne in Senateurs zone.
5:13 of 1st period - Wrist shot by Alex Iafallo.
5:13 of 1st period - Stopped by Cory Schneider without a rebound.
5:14 of 1st period - Joe Colborne wins face-off versus Nick Bjugstad in Capitals zone.
5:52 of 1st period - Snap shot by Michael Frolik.
5:52 of 1st period - Stopped by Cory Schneider without a rebound.
5:53 of 1st period - Nicklas Backstrom wins face-off versus Jordan Martinook in Capitals zone.
6:08 of 1st period - Snap shot by Nicklas Backstrom.
6:08 of 1st period - Shot Misses the Net.
7:08 of 1st period - Slapshot by Taylor Hall.
7:08 of 1st period - Shot Misses the Net.
7:25 of 1st period - Icing by Jake Gardiner.
7:26 of 1st period - Nicklas Backstrom wins face-off versus Quinton Howden in Senateurs zone.
7:29 of 1st period - Snap shot by Nicklas Backstrom.
7:29 of 1st period - Shot Misses the Net.
7:31 of 1st period - Minor Penalty to Riley Sheahan for Holding.
7:32 of 1st period - Nicklas Backstrom wins face-off versus Nick Bjugstad in Senateurs zone.
8:06 of 1st period - Jake Gardiner is hit by Marko Dano and loses puck.
9:31 of 1st period - Penalty to Riley Sheahan is over, Riley Sheahan is back on ice.
9:37 of 1st period - Slapshot by Blake Pietila.
9:37 of 1st period - Shot Misses the Net.
9:43 of 1st period - Wrist shot by Nicolas Aube-Kubel.
9:43 of 1st period - Stopped by Mikko Koskinen without a rebound.
9:44 of 1st period - Sergey Kalinin wins face-off versus Tim Schaller in Senateurs zone.
9:45 of 1st period - Wrist shot by Jeff Skinner.
9:45 of 1st period - Shot Blocked by Brendan Smith.
9:53 of 1st period - Wrist shot by Sergey Kalinin.
9:53 of 1st period - Shot Misses the Net.
9:55 of 1st period - Wrist shot by Jeff Skinner.
9:55 of 1st period - Shot Misses the Net.
9:59 of 1st period - Wrist shot by Sergey Kalinin.
9:59 of 1st period - Shot Blocked by Brendan Smith.
10:01 of 1st period - Snap shot by Sergey Kalinin.
10:01 of 1st period - Shot Blocked by Anton Lindholm.
10:11 of 1st period - Brandon Burlon is hit by Anton Lindholm and loses puck.
10:55 of 1st period - Wrist shot by Patrick Kane.
10:55 of 1st period - Shot Blocked by Jordan Martinook.
11:15 of 1st period - Snap shot by Nicklas Backstrom.
11:15 of 1st period - Shot Misses the Net.
11:17 of 1st period - Slapshot by Alexei Marchenko.
11:17 of 1st period - Shot Blocked by Eric Gelinas.
11:19 of 1st period - Snap shot by Alexei Marchenko.
11:19 of 1st period - Deflect By Jeff Skinner.
11:19 of 1st period - Shot Misses the Net.
11:19 of 1st period - Puck is out of play.
11:20 of 1st period - Sergey Kalinin wins face-off versus Alex Iafallo in Senateurs zone.
11:55 of 1st period - Snap shot by Jeff Skinner.
11:55 of 1st period - Deflect By Sergey Kalinin.
11:55 of 1st period - Shot Misses the Net.
11:55 of 1st period - Puck is out of play.
11:56 of 1st period - Nicklas Backstrom wins face-off versus Quinton Howden in Senateurs zone.
11:57 of 1st period - Snap shot by Patrick Kane.
11:57 of 1st period - Stopped by Mikko Koskinen with a rebound.
11:59 of 1st period - Snap shot by Nicklas Backstrom.
11:59 of 1st period - Stopped by Mikko Koskinen without a rebound.
12:00 of 1st period - Quinton Howden wins face-off versus Patrick Kane in Senateurs zone.
12:32 of 1st period - Jordan Martinook is hit by Cody Hodgson and loses puck.
12:37 of 1st period - Wrist shot by Cody Hodgson.
12:37 of 1st period - Stopped by Mikko Koskinen with a rebound.
12:39 of 1st period - Slapshot by Shea Theodore.
12:39 of 1st period - Stopped by Mikko Koskinen with a rebound.
12:51 of 1st period - Snap shot by Michael Frolik.
12:51 of 1st period - Stopped by Cory Schneider with a rebound.
13:14 of 1st period - Richard Panik is hit by Nicklas Backstrom and loses puck.
13:56 of 1st period - Snap shot by Jeff Skinner.
13:56 of 1st period - Stopped by Mikko Koskinen with a rebound.
14:55 of 1st period - Blake Pietila is hit by Justin Schultz and loses puck.
15:06 of 1st period - Jordan Martinook is hit by Shea Theodore.
15:16 of 1st period - Wrist shot by Bobby Ryan.
15:16 of 1st period - Deflect By Marko Dano.
15:16 of 1st period - Stopped by Mikko Koskinen with a rebound.
15:32 of 1st period - Taylor Hall is hit by Christoph Bertschy and loses puck.
15:56 of 1st period - Wrist shot by Nick Bjugstad.
15:56 of 1st period - Stopped by Cory Schneider with a rebound.
15:58 of 1st period - Slapshot by Jared Cowen.
15:58 of 1st period - Shot Misses the Net.
16:00 of 1st period - Snap shot by Nick Bjugstad.
16:00 of 1st period - Deflect By Jeff Skinner.
16:00 of 1st period - Shot Blocked by Sergey Kalinin.
16:00 of 1st period - Puck is out of play.
16:01 of 1st period - Quinton Howden wins face-off versus Joe Colborne in Capitals zone.
16:35 of 1st period - Slapshot by Patrick Kane.
16:35 of 1st period - Stopped by Mikko Koskinen with a rebound.
16:37 of 1st period - Snap shot by Patrick Kane.
16:37 of 1st period - Stopped by Mikko Koskinen without a rebound.
16:38 of 1st period - Nicklas Backstrom wins face-off versus Adam Henrique in Senateurs zone.
16:51 of 1st period - Wrist shot by Zachary Sanford.
16:51 of 1st period - Shot Blocked by Alexei Marchenko.
16:55 of 1st period - Slapshot by Adam Henrique.
16:55 of 1st period - Shot Blocked by Brandon Gormley.
17:05 of 1st period - Nick Bjugstad is hit by Bobby Ryan and loses puck.
17:14 of 1st period - Slapshot by Justin Schultz.
17:14 of 1st period - Stopped by Cory Schneider with a rebound.
17:50 of 1st period - Wrist shot by Cody Hodgson.
17:50 of 1st period - Stopped by Mikko Koskinen with a rebound.
17:52 of 1st period - Slapshot by Mike Green.
17:52 of 1st period - Shot Misses the Net.
17:54 of 1st period - Snap shot by Jeff Skinner.
17:54 of 1st period - Shot Misses the Net.
17:56 of 1st period - Slapshot by Brandon Gormley.
17:56 of 1st period - Deflect By Jeff Skinner.
17:56 of 1st period - Shot Blocked by Quinton Howden.
17:56 of 1st period - Puck is out of play.
17:57 of 1st period - Nicklas Backstrom wins face-off versus Nick Bjugstad in Senateurs zone.
18:08 of 1st period - Wrist shot by Nicklas Backstrom.
18:08 of 1st period - Shot Misses the Net.
18:10 of 1st period - Snap shot by Nicklas Backstrom.
18:10 of 1st period - Stopped by Mikko Koskinen with a rebound.
18:24 of 1st period - Slapshot by Joe Colborne.
18:24 of 1st period - Deflect By Marko Dano.
18:24 of 1st period - Stopped by Mikko Koskinen with a rebound.
18:26 of 1st period - Snap shot by Bobby Ryan.
18:26 of 1st period - Stopped by Mikko Koskinen with a rebound.
18:28 of 1st period - Snap shot by Bobby Ryan.
18:28 of 1st period - Goal by Bobby Ryan - Capitals : 2 - Senateurs : 1.
18:29 of 1st period - Nick Bjugstad wins face-off versus Nicklas Backstrom in neutral zone.
18:34 of 1st period - Wrist shot by Nick Bjugstad.
18:34 of 1st period - Stopped by Cory Schneider without a rebound.
18:35 of 1st period - Nick Bjugstad wins face-off versus Nicklas Backstrom in Capitals zone.
19:19 of 1st period - Slapshot by Jake Gardiner.
19:19 of 1st period - Shot Misses the Net.
19:21 of 1st period - Slapshot by Nick Bjugstad.
19:21 of 1st period - Goal by Nick Bjugstad - Capitals : 2 - Senateurs : 2.
19:22 of 1st period - Quinton Howden wins face-off versus Joe Colborne in neutral zone.
Goals for this period are 2 for Capitals vs 2 for Senateurs.
Shots for this period are 19 for Capitals vs 8 for Senateurs.

2nd period


0:01 of 2nd period - Nick Bjugstad wins face-off versus Nicklas Backstrom in neutral zone.
0:36 of 2nd period - Off-side.
0:37 of 2nd period - Richard Panik wins face-off versus Nicklas Backstrom in neutral zone.
0:44 of 2nd period - Wrist shot by Richard Panik.
0:44 of 2nd period - Stopped by Cory Schneider with a rebound.
0:50 of 2nd period - Wrist shot by Richard Panik.
0:50 of 2nd period - Deflect By Zachary Sanford.
0:50 of 2nd period - Stopped by Cory Schneider with a rebound.
0:52 of 2nd period - Snap shot by Zachary Sanford.
0:52 of 2nd period - Stopped by Cory Schneider with a rebound.
0:54 of 2nd period - Slapshot by Adam Henrique.
0:54 of 2nd period - Deflect By Richard Panik.
0:54 of 2nd period - Shot Misses the Net.
0:54 of 2nd period - Puck is out of play.
0:55 of 2nd period - Nick Bjugstad wins face-off versus Joe Colborne in Capitals zone.
1:02 of 2nd period - Snap shot by Alex Iafallo.
1:02 of 2nd period - Stopped by Cory Schneider without a rebound.
1:03 of 2nd period - Nick Bjugstad wins face-off versus Marko Dano in Capitals zone.
1:14 of 2nd period - Snap shot by Marko Dano.
1:14 of 2nd period - Shot Misses the Net.
1:16 of 2nd period - Snap shot by Brandon Gormley.
1:16 of 2nd period - Shot Blocked by Michael Frolik.
1:18 of 2nd period - Slapshot by Alexei Marchenko.
1:18 of 2nd period - Shot Blocked by Michael Frolik.
1:40 of 2nd period - Slapshot by Jared Cowen.
1:40 of 2nd period - Stopped by Cory Schneider with a rebound.
2:14 of 2nd period - Wrist shot by Bobby Ryan.
2:14 of 2nd period - Shot Misses the Net.
2:28 of 2nd period - Wrist shot by Bobby Ryan.
2:28 of 2nd period - Goal by Bobby Ryan - Capitals : 3 - Senateurs : 2.
2:29 of 2nd period - Nicklas Backstrom wins face-off versus Jordan Martinook in neutral zone.
3:16 of 2nd period - Wrist shot by Tim Schaller.
3:16 of 2nd period - Shot Misses the Net.
3:28 of 2nd period - Snap shot by Anthony Beauvillier.
3:28 of 2nd period - Stopped by Cory Schneider with a rebound.
3:42 of 2nd period - Colten Teubert is hit by Quinton Howden and loses puck.
3:57 of 2nd period - Wrist shot by Nicolas Aube-Kubel.
3:57 of 2nd period - Stopped by Mikko Koskinen without a rebound.
3:58 of 2nd period - Quinton Howden wins face-off versus Cody Hodgson in Senateurs zone.
4:11 of 2nd period - Snap shot by Jordan Martinook.
4:11 of 2nd period - Deflect By Quinton Howden.
4:11 of 2nd period - Stopped by Cory Schneider without a rebound.
4:12 of 2nd period - Nicklas Backstrom wins face-off versus Nick Bjugstad in Capitals zone.
4:17 of 2nd period - Nicklas Backstrom is hit by Jake Gardiner and loses puck.
4:38 of 2nd period - Cody Hodgson is hit by Jake Gardiner and loses puck.
4:55 of 2nd period - Minor Penalty to Nicolas Aube-Kubel for Holding.
4:56 of 2nd period - Nick Bjugstad wins face-off versus Patrick Kane in Capitals zone.
4:57 of 2nd period - Wrist shot by Jared Cowen.
4:57 of 2nd period - Stopped by Cory Schneider with a rebound.
6:55 of 2nd period - Penalty to Nicolas Aube-Kubel is over, Nicolas Aube-Kubel is back on ice.
6:55 of 2nd period - Justin Schultz is hit by Nicklas Backstrom and loses puck.
7:29 of 2nd period - Snap shot by Nicolas Aube-Kubel.
7:29 of 2nd period - Deflect By Nicklas Backstrom.
7:29 of 2nd period - Stopped by Mikko Koskinen with a rebound.
7:37 of 2nd period - Marko Dano is hit by Christoph Bertschy and loses puck.
7:46 of 2nd period - Tim Schaller is hit by Nicolas Aube-Kubel and loses puck.
8:15 of 2nd period - Anton Lindholm is hit by Marko Dano and loses puck.
9:30 of 2nd period - Off-side.
9:31 of 2nd period - Sergey Kalinin wins face-off versus Nick Bjugstad in neutral zone.
9:33 of 2nd period - Off-side.
9:34 of 2nd period - Nick Bjugstad wins face-off versus Sergey Kalinin in neutral zone.
10:41 of 2nd period - Snap shot by Alex Iafallo.
10:41 of 2nd period - Stopped by Cory Schneider without a rebound.
10:42 of 2nd period - Sergey Kalinin wins face-off versus Nick Bjugstad in Capitals zone.
10:47 of 2nd period - Snap shot by Alex Iafallo.
10:47 of 2nd period - Stopped by Cory Schneider with a rebound.
10:49 of 2nd period - Slapshot by Eric Gelinas.
10:49 of 2nd period - Stopped by Cory Schneider without a rebound.
10:50 of 2nd period - Sergey Kalinin wins face-off versus Michael Frolik in Capitals zone.
10:55 of 2nd period - Nick Bjugstad is hit by Brandon Gormley.
11:03 of 2nd period - Slapshot by Michael Frolik.
11:03 of 2nd period - Shot Misses the Net.
11:15 of 2nd period - Brandon Gormley is hit by Justin Schultz and loses puck.
11:20 of 2nd period - Snap shot by Quinton Howden.
11:20 of 2nd period - Goal by Quinton Howden - Capitals : 3 - Senateurs : 3.
11:21 of 2nd period - Nick Bjugstad wins face-off versus Sergey Kalinin in neutral zone.
11:27 of 2nd period - Off-side.
11:28 of 2nd period - Nick Bjugstad wins face-off versus Sergey Kalinin in neutral zone.
11:42 of 2nd period - Off-side.
11:43 of 2nd period - Quinton Howden wins face-off versus Nicklas Backstrom in neutral zone.
11:56 of 2nd period - Snap shot by Taylor Hall.
11:56 of 2nd period - Shot Misses the Net.
11:58 of 2nd period - Wrist shot by Nicklas Backstrom.
11:58 of 2nd period - Shot Misses the Net.
12:21 of 2nd period - Alexei Marchenko is hit by Michael Frolik and loses puck.
12:34 of 2nd period - Marko Dano is hit by Zachary Sanford.
12:38 of 2nd period - Backhand shot by Zachary Sanford.
12:38 of 2nd period - Goal by Zachary Sanford - Capitals : 3 - Senateurs : 4.
12:39 of 2nd period - Nicklas Backstrom wins face-off versus Nick Bjugstad in neutral zone.
12:54 of 2nd period - Snap shot by Michael Frolik.
12:54 of 2nd period - Shot Blocked by Brandon Gormley.
13:18 of 2nd period - Wrist shot by Quinton Howden.
13:18 of 2nd period - Shot Blocked by Alexei Marchenko.
13:20 of 2nd period - Wrist shot by Jordan Martinook.
13:20 of 2nd period - Shot Misses the Net.
13:32 of 2nd period - Snap shot by Joe Colborne.
13:32 of 2nd period - Stopped by Mikko Koskinen without a rebound.
13:33 of 2nd period - Adam Henrique wins face-off versus Joe Colborne in Senateurs zone.
13:42 of 2nd period - Snap shot by Adam Henrique.
13:42 of 2nd period - Shot Blocked by Colten Teubert.
13:44 of 2nd period - Wrist shot by Adam Henrique.
13:44 of 2nd period - Goal by Adam Henrique - Capitals : 3 - Senateurs : 5.
13:44 of 2nd period - Chet Pickard enters game.
13:45 of 2nd period - Taylor Hall wins face-off versus Nick Bjugstad in neutral zone.
14:10 of 2nd period - Jake Gardiner is hit by Nicolas Aube-Kubel and loses puck.
14:56 of 2nd period - Snap shot by Christoph Bertschy.
14:56 of 2nd period - Stopped by Chet Pickard without a rebound.
14:57 of 2nd period - Nicklas Backstrom wins face-off versus Christoph Bertschy in Capitals zone.
15:47 of 2nd period - Snap shot by Anthony Beauvillier.
15:47 of 2nd period - Deflect By Tim Schaller.
15:47 of 2nd period - Shot Blocked by Brandon Gormley.
15:47 of 2nd period - Puck is out of play.
15:48 of 2nd period - Nick Bjugstad wins face-off versus Cody Hodgson in Capitals zone.
16:04 of 2nd period - Off-side.
16:05 of 2nd period - Quinton Howden wins face-off versus Joe Colborne in neutral zone.
16:31 of 2nd period - Nicolas Aube-Kubel is hit by Alex Iafallo and loses puck.
16:52 of 2nd period - Slapshot by Jared Cowen.
16:52 of 2nd period - Shot Misses the Net.
16:54 of 2nd period - Slapshot by Richard Panik.
16:54 of 2nd period - Shot Misses the Net.
17:02 of 2nd period - Slapshot by Zachary Sanford.
17:02 of 2nd period - Shot Misses the Net.
18:06 of 2nd period - Off-side.
18:07 of 2nd period - Quinton Howden wins face-off versus Nicklas Backstrom in neutral zone.
18:18 of 2nd period - Snap shot by Jordan Martinook.
18:18 of 2nd period - Shot Blocked by Shea Theodore.
18:24 of 2nd period - Quinton Howden is hit by Taylor Hall and loses puck.
18:54 of 2nd period - Minor Penalty to Jordan Martinook for Holding.
18:55 of 2nd period - Nick Bjugstad wins face-off versus Nicklas Backstrom in Senateurs zone.
Goals for this period are 1 for Capitals vs 3 for Senateurs.
Shots for this period are 4 for Capitals vs 15 for Senateurs.

3rd period


0:01 of 3rd period - Nick Bjugstad wins face-off versus Nicklas Backstrom in neutral zone.
0:16 of 3rd period - Wrist shot by Patrick Kane.
0:16 of 3rd period - Shot Misses the Net.
0:43 of 3rd period - Quinton Howden is hit by Mike Green and loses puck.
0:54 of 3rd period - Penalty to Jordan Martinook is over, Jordan Martinook is back on ice.
1:22 of 3rd period - Brendan Smith is hit by Blake Pietila and loses puck.
1:33 of 3rd period - Icing by Shea Theodore.
1:34 of 3rd period - Nick Bjugstad wins face-off versus Cody Hodgson in Capitals zone.
1:48 of 3rd period - Snap shot by Michael Frolik.
1:48 of 3rd period - Shot Blocked by Blake Pietila.
2:11 of 3rd period - Wrist shot by Patrick Kane.
2:11 of 3rd period - Deflect By Taylor Hall.
2:11 of 3rd period - Shot Misses the Net.
2:11 of 3rd period - Puck is out of play.
2:12 of 3rd period - Nick Bjugstad wins face-off versus Joe Colborne in Senateurs zone.
2:27 of 3rd period - Snap shot by Joe Colborne.
2:27 of 3rd period - Shot Blocked by Alex Iafallo.
2:41 of 3rd period - Wrist shot by Taylor Hall.
2:41 of 3rd period - Deflect By Patrick Kane.
2:41 of 3rd period - Shot Misses the Net.
2:41 of 3rd period - Puck is out of play.
2:42 of 3rd period - Adam Henrique wins face-off versus Nicklas Backstrom in Senateurs zone.
2:47 of 3rd period - Slapshot by Jake Gardiner.
2:47 of 3rd period - Stopped by Chet Pickard without a rebound.
2:48 of 3rd period - Nicklas Backstrom wins face-off versus Nick Bjugstad in Capitals zone.
3:03 of 3rd period - Snap shot by Patrick Kane.
3:03 of 3rd period - Deflect By Taylor Hall.
3:03 of 3rd period - Shot Misses the Net.
3:03 of 3rd period - Puck is out of play.
3:04 of 3rd period - Riley Sheahan wins face-off versus Joe Colborne in Senateurs zone.
3:11 of 3rd period - Slapshot by Jordan Martinook.
3:11 of 3rd period - Stopped by Chet Pickard without a rebound.
3:12 of 3rd period - Quinton Howden wins face-off versus Joe Colborne in Capitals zone.
3:20 of 3rd period - Off-side.
3:21 of 3rd period - Nicklas Backstrom wins face-off versus Nick Bjugstad in neutral zone.
3:24 of 3rd period - Jake Gardiner is hit by Taylor Hall and loses puck.
3:34 of 3rd period - Minor Penalty to Alexei Marchenko for Interference.
3:35 of 3rd period - Patrick Kane wins face-off versus Nick Bjugstad in Capitals zone.
5:17 of 3rd period - Adam Henrique is hit by Nicklas Backstrom and loses puck.
5:22 of 3rd period - Snap shot by Marko Dano.
5:22 of 3rd period - Stopped by Mikko Koskinen with a rebound.
5:24 of 3rd period - Slapshot by Marko Dano.
5:24 of 3rd period - Deflect By Nicklas Backstrom.
5:24 of 3rd period - Stopped by Mikko Koskinen with a rebound.
5:26 of 3rd period - Slapshot by Marko Dano.
5:26 of 3rd period - Shot Misses the Net.
5:28 of 3rd period - Slapshot by Brandon Burlon.
5:28 of 3rd period - Stopped by Mikko Koskinen with a rebound.
5:34 of 3rd period - Penalty to Alexei Marchenko is over, Alexei Marchenko is back on ice.
6:00 of 3rd period - Icing by Colten Teubert.
6:01 of 3rd period - Cody Hodgson wins face-off versus Adam Henrique in Capitals zone.
6:15 of 3rd period - Minor Penalty to Eric Gelinas for Hooking.
6:16 of 3rd period - Cody Hodgson wins face-off versus Nick Bjugstad in Senateurs zone.
6:52 of 3rd period - Wrist shot by Marko Dano.
6:52 of 3rd period - Shot Misses the Net.
7:02 of 3rd period - Wrist shot by Marko Dano.
7:02 of 3rd period - Stopped by Mikko Koskinen with a rebound.
7:04 of 3rd period - Snap shot by Cody Hodgson.
7:04 of 3rd period - Stopped by Mikko Koskinen with a rebound.
7:18 of 3rd period - Slapshot by Marko Dano.
7:18 of 3rd period - Goal by Marko Dano - Capitals : 4 - Senateurs : 5.
7:19 of 3rd period - Nicklas Backstrom wins face-off versus Quinton Howden in neutral zone.
7:22 of 3rd period - Backhand shot by Taylor Hall.
7:22 of 3rd period - Shot Misses the Net.
7:34 of 3rd period - Wrist shot by Riley Sheahan.
7:34 of 3rd period - Shot Misses the Net.
8:11 of 3rd period - Snap shot by Anthony Beauvillier.
8:11 of 3rd period - Stopped by Chet Pickard with a rebound.
8:13 of 3rd period - Wrist shot by Tim Schaller.
8:13 of 3rd period - Stopped by Chet Pickard without a rebound.
8:14 of 3rd period - Christoph Bertschy wins face-off versus Cody Hodgson in Capitals zone.
8:50 of 3rd period - Blake Pietila is hit by Tim Schaller and loses puck.
9:11 of 3rd period - Snap shot by Tim Schaller.
9:11 of 3rd period - Deflect By Anthony Beauvillier.
9:11 of 3rd period - Stopped by Chet Pickard without a rebound.
9:12 of 3rd period - Nick Bjugstad wins face-off versus Nicklas Backstrom in Capitals zone.
9:13 of 3rd period - Wrist shot by Michael Frolik.
9:13 of 3rd period - Deflect By Nick Bjugstad.
9:13 of 3rd period - Stopped by Chet Pickard without a rebound.
9:14 of 3rd period - Nick Bjugstad wins face-off versus Nicklas Backstrom in Capitals zone.
9:55 of 3rd period - Snap shot by Marko Dano.
9:55 of 3rd period - Shot Misses the Net.
10:07 of 3rd period - Snap shot by Adam Henrique.
10:07 of 3rd period - Stopped by Chet Pickard with a rebound.
10:09 of 3rd period - Slapshot by Jared Cowen.
10:09 of 3rd period - Stopped by Chet Pickard without a rebound.
10:10 of 3rd period - Phil Kessel wins face-off versus Adam Henrique in Capitals zone.
10:28 of 3rd period - Richard Panik is hit by Sergey Kalinin and loses puck.
10:43 of 3rd period - Snap shot by Jeff Skinner.
10:43 of 3rd period - Stopped by Mikko Koskinen with a rebound.
10:57 of 3rd period - Slapshot by Brandon Gormley.
10:57 of 3rd period - Stopped by Mikko Koskinen without a rebound.
10:58 of 3rd period - Nick Bjugstad wins face-off versus Nicklas Backstrom in Senateurs zone.
11:19 of 3rd period - Minor Penalty to Mike Green for Interference.
11:20 of 3rd period - Nick Bjugstad wins face-off versus Patrick Kane in Capitals zone.
11:47 of 3rd period - Alexei Marchenko is hit by Jordan Martinook and loses puck.
12:29 of 3rd period - Brandon Gormley is hit by Jordan Martinook.
13:12 of 3rd period - Brandon Burlon is hit by Jordan Martinook.
13:19 of 3rd period - Penalty to Mike Green is over, Mike Green is back on ice.
13:21 of 3rd period - Shea Theodore is hit by Jake Gardiner and loses puck.
13:34 of 3rd period - Patrick Kane is hit by Jake Gardiner and loses puck.
13:41 of 3rd period - Anthony Beauvillier is hit by Taylor Hall and loses puck.
13:58 of 3rd period - Zachary Sanford is hit by Marko Dano and loses puck.
14:40 of 3rd period - Anton Lindholm is hit by Blake Pietila and loses puck.
15:59 of 3rd period - Icing by Zachary Sanford.
16:00 of 3rd period - Quinton Howden wins face-off versus Sergey Kalinin in Senateurs zone.
16:36 of 3rd period - Icing by Brandon Burlon.
16:37 of 3rd period - Quinton Howden wins face-off versus Sergey Kalinin in Capitals zone.
16:52 of 3rd period - Snap shot by Quinton Howden.
16:52 of 3rd period - Shot Misses the Net.
17:10 of 3rd period - Snap shot by Richard Panik.
17:10 of 3rd period - Goal by Richard Panik - Capitals : 4 - Senateurs : 6.
17:11 of 3rd period - Cody Hodgson wins face-off versus Adam Henrique in neutral zone.
17:17 of 3rd period - Icing by Jake Gardiner.
17:18 of 3rd period - Adam Henrique wins face-off versus Cody Hodgson in Senateurs zone.
17:25 of 3rd period - Blake Pietila is hit by Adam Henrique and loses puck.
18:09 of 3rd period - Snap shot by Quinton Howden.
18:09 of 3rd period - Shot Blocked by Mike Green.
18:11 of 3rd period - Slapshot by Jake Gardiner.
18:11 of 3rd period - Stopped by Chet Pickard with a rebound.
19:04 of 3rd period - Cody Hodgson is hit by Alex Iafallo and loses puck.
Goals for this period are 1 for Capitals vs 1 for Senateurs.
Shots for this period are 8 for Capitals vs 10 for Senateurs.